 Dungeon Crawl Stone Soup version 0.14-a0-1626-g054e7ae (webtiles) character file.

3266 M4edhros the Covert (level 9, -1/53 HPs)
             Began as an Octopode Artificer on Dec 26, 2013.
             Was an Elder of Fedhas.
             Slain by Joseph
             ... wielding a +0,+0 quarterstaff
              (9 damage)
             ... on Level 9 of the Dungeon.
             The game lasted 00:18:41 (9026 turns).

M4edhros the Covert (Octopode Artificer)            Turns: 9026, Time: 00:18:42

HP  -1/53        AC  1     Str  9 (10) XL: 9   Next: 84%
MP  19/19        EV  7     Int 17      God: Fedhas [****..]
Gold 263         SH 18     Dex 13      Spells:  0 memorised,  8 levels left

rFire  . . .     SeeInvis .     u - +2,+0 cutlass
rCold  . . .     Clarity  .     m - -1 large shield (curse)
rNeg   . . .     Conserve .     (helmet restricted)
rPois  .         rCorr    .     (no amulet)
rElec  .         rRot     .     l - ring of flight
SustAb . .       Spirit   .     (no ring)
rMut   .         Warding  .     (no ring)
Saprov . . .     Stasis   .     (no ring)
                                (no ring)
                                (no ring)
                                (no ring)
                                (no ring)

@: slightly resistant to hostile enchantments, extraordinarily stealthy
A: almost no armour, amphibious, 8 rings, constrict 8, spike 1, camouflage 1,
deterioration 1, low mp 1, gelatinous body 1
a: Evolution, Sunlight, Growth, Reproduction, Renounce Religion, Evoke Flight


You were on level 9 of the Dungeon.
You worshipped Fedhas.
Fedhas was greatly pleased with you.
You were near starving.

You visited 2 branches of the dungeon, and saw 10 of its levels.

You collected 368 gold pieces.
You spent 105 gold pieces at shops.

Inventory:

Hand weapons
 u - a +2,+0 cutlass (weapon)
Armour
 m - a cursed -1 large shield (worn)
Magical devices
 b - a wand of flame (0)
 c - a wand of enslavement (9)
 d - a wand of random effects (3)
 e - a wand of magic darts (6)
 r - a wand of polymorph (12)
 s - a wand of paralysis (3)
Comestibles
 f - 8 bread rations
 k - a choko
 n - 2 apples
 t - a pear
 C - 14 cheeses
Scrolls
 a - 6 scrolls of identify
 i - a scroll of random uselessness
 j - 2 scrolls of recharging
 p - 5 scrolls of amnesia
 q - a scroll of fear
 v - 3 scrolls of remove curse
 w - a scroll of teleportation
 x - a scroll of noise
 y - a scroll of fog
 z - 2 scrolls of immolation
 A - a scroll of enchant weapon II
 D - a scroll of blinking
Jewellery
 l - a ring of flight (left tentacle)
 F - an uncursed ring of magical power {unknown}
Potions
 g - 6 potions of curing
 h - 3 potions of heal wounds
 o - a potion of porridge
 B - a potion of restore abilities
Books
 E - a book of Air

   Spells                             Type                      Level
   Shock                              Conjuration/Air              1
   Swiftness                          Charms/Air                   2
   Repel Missiles                     Charms/Air                   2
   Flight                             Charms/Air                   3
   Static Discharge                   Conjuration/Air              3
   Lightning Bolt                     Conjuration/Air              5


   Skills:
 - Level 1.0 Fighting
 - Level 1.0 Short Blades
 - Level 2.0 Dodging
 + Level 13.3 Stealth
 * Level 9.8 Invocations
 - Level 3.2 Evocations


You had 8 spell levels left.
You didn't know any spells.

Dungeon Overview and Level Annotations

Branches:
Dungeon (9/16)             Temple (1/1) D:4            Lair (0/8) D:8
    Orc: D:9-12

Altars:
Ashenzari
Cheibriados
Elyvilon
Fedhas
Kikubaaqudgha
Makhleb
Nemelex Xobeh
Okawaru
Sif Muna
Trog
Vehumet
Xom
Yredelemnul
Zin
the Shining One

Shops:
D:4 *(==%

Annotations:
D:9 Joseph


Innate Abilities, Weirdness & Mutations

You cannot wear most types of armour.
You are amphibious.
You can wear up to eight rings at the same time.
You can use your tentacles to constrict many enemies at once.
Your skin changes colour to match your surroundings (Stlth).
Your rubbery body absorbs attacks (AC +1).
One of your tentacles bears a spike.
Your body is slowly deteriorating.
Your magical capacity is low (-10% MP).


Message History

Zapping:
s - a wand of paralysis {zapped: 10}
Press: ? - help, Shift-Dir - straight line, f/p - Joseph
Aim: Joseph, wielding a sling and wearing a ring mail (almost dead) Joseph easily resists.
Evoke which item? (* to show all) (? for menu, Esc to quit)
Zapping:
s - a wand of paralysis {zapped: 11}
Press: ? - help, Shift-Dir - straight line, f/p - Joseph
Aim: Joseph, wielding a sling and wearing a ring mail (almost dead) Joseph easily resists.
Joseph unwields an uncursed sling.
Joseph wields an uncursed quarterstaff.
Joseph hits you with an uncursed quarterstaff!
* * * LOW HITPOINT WARNING * * *
Your shield prevents you from hitting Joseph.
You grab Joseph. You squeeze Joseph.
Joseph is almost dead.
You constrict Joseph, but do no damage.
Joseph says, "Coming here was your last mistake."
Joseph hits you with an uncursed quarterstaff!
You die...
Fedhas appreciates your contribution to the ecosystem.

#############.####
#........@@.......
#f#########.#.#### #.# #.#
#f# #.#.# #.# #.#.#
#.#########.#.#
########.#......##.#.#####
.................f..........
########...####.##.........


You could see Joseph and a friendly wandering mushroom.

Vanquished Creatures
  The ghost of CrazyArbalest the Cudgeler, an average OgBe of Trog (D:5)
  Prince Ribbit (D:4)
  Menkaure (D:4)
  A phantom (D:8)
  2 ogres
  A sky beast (D:9)
  Satan Claus (D:3)
  4 giant frogs
  2 wights (D:7)
  4 crimson imps
  A jelly (D:6)
  2 scorpions
  A centaur skeleton (D:4)
  2 giant frog skeletons
  Crazy Yiuf (D:7)
  2 orc priests
  3 iguanas
  6 hounds
  4 orc wizards
  3 worker ants
  Jessica (D:3)
  A hound skeleton (D:6)
  A green rat (D:7)
  7 adders
  4 worms
  An adder skeleton (D:9)
  A grey rat (D:7)
  5 giant geckos
  3 oozes
  23 orcs
  A ball python (D:2)
  17 bats
  5 giant cockroaches
  8 goblins
  14 hobgoblins
  10 jackals
  7 kobolds
  9 quokkas
  A giant gecko skeleton (D:4)
  7 giant newts
  A jackal skeleton (D:7)
  20 rats
190 creatures vanquished.

Vanquished Creatures (collateral kills)
  Eustachio (D:7)
  A hippogriff (D:7)
  A hungry ghost (D:7)
  A phantom (D:7)
  An ice beast (D:7)
  An ogre (D:7)
  A centaur (D:5)
  A crocodile (D:7)
  2 giant frogs
  2 wights (D:7)
  A hippogriff skeleton (D:5)
  A crimson imp (D:7)
  A jelly (D:6)
  An orc priest (D:7)
  A centaur skeleton (D:6)
  An orange rat (D:7)
  2 orc wizards (D:7)
  A worker ant (D:6)
  2 green rats (D:7)
  3 grey rats (D:7)
  4 orcs
  A bat (D:9)
  2 rats
33 creatures vanquished.

Vanquished Creatures (others)
  3 wandering mushrooms
  A necrophage (D:7)
  A killer bee zombie (D:6)
  87 toadstools
92 creatures vanquished.

Grand Total: 315 creatures vanquished

Notes
Turn   | Place    | Note
--------------------------------------------------------------
     0 | D:1      | M4edhros, the Octopode Artificer, began the quest for the Orb.
     0 | D:1      | Reached XP level 1. HP: 13/13 MP: 1/1
   421 | D:1      | Reached XP level 2. HP: 18/18 MP: 3/3
  1181 | D:1      | Reached skill level 4 in Stealth
  1185 | D:1      | Reached XP level 3. HP: 20/23 MP: 4/4
  1565 | D:2      | Reached skill level 5 in Stealth
  2210 | D:2      | Reached XP level 4. HP: 24/28 MP: 6/6
  2239 | D:3      | Noticed Jessica
  2261 | D:3      | Killed Jessica
  2261 | D:3      | Reached skill level 6 in Stealth
  2522 | D:4      | Found Jaistrair's Jewellery Emporium.
  2635 | D:4      | Noticed Menkaure
  2638 | D:4      | Killed Menkaure
  2638 | D:4      | Reached skill level 8 in Stealth
  2638 | D:4      | Reached XP level 5. HP: 33/33 MP: 7/7
  2815 | D:4      | Found Brumuoxoa's Weapon Boutique.
  2845 | D:4      | Reached XP level 6. HP: 16/38 MP: 9/9
  3069 | D:4      | Found Xebagom's Food Shop.
  3438 | D:4      | Noticed Prince Ribbit
  3452 | D:4      | Killed Prince Ribbit
  3452 | D:4      | Reached skill level 10 in Stealth
  3452 | D:4      | Reached XP level 7. HP: 22/43 MP: 10/10
  3581 | D:4      | Found Siwafeot's Jewellery Boutique.
  3745 | D:4      | Found Qoxoustru's Assorted Antiques.
  3760 | D:4      | Bought a potion of heal wounds for 63 gold pieces
  3769 | D:4      | Found a staircase to the Ecumenical Temple.
  3779 | Temple   | Entered the Ecumenical Temple
  3806 | Temple   | Became a worshipper of Fedhas Madash
  3834 | D:4      | Bought a scroll labeled LAR TOAVE SEU for 21 gold pieces
  3834 | D:4      | Bought a scroll labeled FIEREE BLICI for 21 gold pieces
  4171 | D:3      | Noticed Satan Claus
  4263 | D:3      | Killed Satan Claus
  4290 | D:3      | Acquired Fedhas' first power
  4417 | D:3      | Reached skill level 1 in Invocations
  4671 | D:3      | Gained mutation: Your digestive system is specialised to digest meat. [potion of beneficial mutation]
  4845 | D:5      | Entered Level 5 of the Dungeon
  5077 | D:5      | Noticed CrazyArbalest's ghost (average OgBe)
  5077 | D:5      | Reached skill level 11 in Stealth
  5252 | D:5      | Killed CrazyArbalest's ghost
  5252 | D:5      | Reached XP level 8. HP: 42/48 MP: 11/14
  5430 | D:5      | Reached skill level 5 in Invocations
  5878 | D:5      | Found a bloodstained altar of Trog.
  5880 | D:5      | Found a shimmering altar of Xom.
  6066 | D:6      | Acquired Fedhas' second power
  6234 | D:6      | Lost mutation: Your digestive system is specialised to digest meat. [potion of cure mutation]
  6411 | D:6      | Reached skill level 12 in Stealth
  7115 | D:7      | Reached XP level 9. HP: 53/53 MP: 19/19
  7625 | D:7      | Acquired Fedhas' third power
  7685 | D:7      | Noticed Eustachio
  7697 | D:7      | Killed Eustachio
  7825 | D:7      | Noticed Crazy Yiuf
  7833 | D:7      | Killed Crazy Yiuf
  8087 | D:8      | Gained mutation: One of your tentacles bears a spike. [potion of mutation]
  8087 | D:8      | Gained mutation: Your body is slowly deteriorating. [potion of mutation]
  8087 | D:8      | Gained mutation: Your magical capacity is low (-10% MP). [potion of mutation]
  8217 | D:8      | Reached skill level 13 in Stealth
  8455 | D:8      | Found a deep blue altar of Sif Muna.
  8578 | D:8      | Found a staircase to the Lair.
  8857 | D:9      | Found a blossoming altar of Fedhas.
  8932 | D:9      | Acquired Fedhas' fourth power
  8958 | D:9      | Noticed Joseph
  9007 | D:9      | Paralysed by Joseph for 7 turns
  9026 | D:9      | Slain by Joseph

Action                   |  1- 3 |  4- 6 |  7- 9 || total
-------------------------+-------+-------+-------++-------
Melee: Short sword       |    81 |    49 |     7 ||   137
       Cutlass           |       |       |   282 ||   282
Invok: Evolution         |       |       |     5 ||     5
       Sunlight          |       |       |     3 ||     3
Evoke: Wand              |     2 |    13 |    31 ||    46
  Use: Potion            |     2 |     2 |    10 ||    14
       Scroll            |       |     6 |    11 ||    17
 Stab: Sleeping          |    10 |       |    49 ||    59
       Paralysed         |       |     3 |     1 ||     4
